 Dungeon Crawl Stone Soup version 0.29.0-13-gc9e81de378 (webtiles) character file.

Game seed: 5171275199231646642

13163 freelancePsychic the Cleaver (level 11, -4/92 HPs)
             Began as a Demonspawn Cinder Acolyte on Sept 8, 2022.
             Was an Initiate of Qazlal.
             Slain by a fire elemental (8 damage)
             ... created by the fiery vengeance of Ignis
             ... on level 1 of the Lair of Beasts.
             The game lasted 00:30:51 (18026 turns).

freelancePsychic the Cleaver (DsCA)                Turns: 18026, Time: 00:30:52

Health: -4/92      AC: 16    Str: 19    XL:     11   Next: 72%
Magic:  13/13      EV:  6    Int: 15    God:    Qazlal [......]
Gold:   480        SH:  8    Dex: 15    Spells: 10/12 levels left

rFire   . . .      SeeInvis +   b - +0 battleaxe (venom)
rCold   + + .      Faith    .   (shield currently unavailable)
rNeg    . . .      Spirit   .   s - +0 plate armour
rPois   .          Reflect  .   u - +1 helmet
rElec   .          Harm     .   (no cloak)
rCorr   .          Rampage  .   t - +0 pair of gloves {Stlth+}
Will    .....                   (no boots)
Stlth   ..........              (no amulet)
HPRegen 0.25/turn               k - ring of protection from cold
MPRegen 0.13/turn               x - ring "Nicexor" {rC+ Dex+6 SInv}

@: fire susceptible
A: hooves 2, large bone plates 3, condensation shield
a: Renounce Religion


You were on level 1 of the Lair of Beasts.
You worshipped Qazlal.
Qazlal was noncommittal.
You visited 3 branches of the dungeon, and saw 15 of its levels.
You also visited: Bailey.

You collected 764 gold pieces.
You spent 284 gold pieces at shops.

Inventory:

Hand Weapons
 a - a +1 battleaxe of flaming
 b - a +0 battleaxe of venom (weapon)
 p - a +0 broad axe
Armour
 m - a +0 buckler
 s - a +0 plate armour (worn)
 t - a +0 pair of gloves of stealth (worn)
 u - a +1 helmet (worn)
Jewellery
 k - a ring of protection from cold (left hand)
 x - the ring "Nicexor" (right hand) {rC+ Dex+6 SInv}
   (You acquired it on level 5 of the Dungeon)

   [ring of dexterity]

   Dex:       It affects your dexterity (+6).
   rC:        It protects you from cold.
   SInv:      It lets you see invisible.
Wands
 l - a wand of digging (4)
 w - a wand of paralysis (2)
 y - a wand of roots (4)
Scrolls
 c - 2 scrolls of magic mapping
 f - a scroll of silence
 g - 3 scrolls of identify {@r1}
 i - 4 scrolls of teleportation {@r4}
 o - a scroll of fear
 v - 2 scrolls of poison
Potions
 e - a potion of flight
 h - a potion of haste {@q3}
 j - 3 potions of brilliance
 n - a potion of resistance
 q - 3 potions of degeneration
 r - 2 potions of cancellation


   Skills:
 + Level 10.6 Fighting
 * Level 13.3 Axes
 - Level 6.1 Armour
 - Level 1.0 Spellcasting
 - Level 3.3 Fire Magic
 + Level 2.8 Invocations


You had 10 spell levels left.
You knew the following spells:

 Your Spells              Type           Power      Damage    Failure   Level
b - Scorch                Fire           20%        2d6       95%         2

Your spell library contained the following spells:

 Spells                   Type           Power      Damage    Failure   Level
 Necrotise                Necr           0%         1d4       100%        1
 Ensorcelled Hibernation  Hex/Ice        0%         N/A       100%        2
 Passwall                 Tmut/Erth      0%         N/A       100%        2
 Ignite Poison            Fire/Tmut/Pois 4%         N/A       100%        3
 Mephitic Cloud           Conj/Pois/Air  0%         N/A       100%        3
 Swiftness                Air            0%         N/A       100%        3
 Vampiric Draining        Necr           0%         2d6       100%        3
 Agony                    Necr           0%         N/A       100%        5
 Blade Hands              Tmut           0%         N/A       100%        5
 Freezing Cloud           Conj/Ice/Air   0%         6-21      100%        5
 Irradiate                Conj/Tmut      0%         3d11      100%        5
 Dragon Form              Tmut           0%         N/A       100%        7


Dungeon Overview and Level Annotations

Branches:
Dungeon (12/15)            Temple (1/1) D:6            Lair (2/5) D:10
    Orc (0/2) D:10         Bailey (visited)
  Swamp: Lair:2-3    Shoals: Lair:2-3     Snake: Lair:2-3    Spider: Lair:2-3

Altars:
Ashenzari
Cheibriados
Dithmenos
Fedhas
Gozag
Hepliaklqana
Kikubaaqudgha
Makhleb
Nemelex Xobeh
Okawaru
Qazlal
Ru
Sif Muna
Trog
Uskayaw
Vehumet
Wu Jian
Xom
Yredelemnul

Shops:
D:8 *?***

Annotations:
D:2 Sigmund
D:5 Menkaure
D:8 Erica
D:11 4 transporters, Lodul


Innate Abilities, Weirdness & Mutations

You have hoof-like feet.
You are completely covered in large bone plates. (SH +8)
A meltable shield of frost defends you. (SH +0)


Message History

You hit the fire elemental. Your kick misses the fire elemental.
The fire elemental is lightly damaged.
The fire elemental hits you. The fire elemental burns you!
You barely miss the fire elemental. Your kick misses the fire elemental.
The fire elemental is lightly damaged.
The fire elemental hits you. The fire elemental burns you!
You hit the fire elemental. Your kick misses the fire elemental.
The fire elemental is moderately damaged.
The fire elemental hits you. The fire elemental burns you!
The fire elemental hits you. The fire elemental burns you!
You slash the fire elemental!
The fire elemental is almost destroyed.
The fire elemental hits you. The fire elemental burns you!
You hit the fire elemental.
You kick the fire elemental, but do no damage.
The fire elemental is almost destroyed.
You block the fire elemental's attack.
You closely miss the fire elemental.
The fire elemental is almost destroyed.
The fire elemental hits you. The fire elemental burns you!
* * * LOW HITPOINT WARNING * * *
The fire elemental hits you. The fire elemental burns you!
* * * LOW HITPOINT WARNING * * *
Casting: Scorch (dangerous; 95% risk of failure)
Confirm with . or Enter, or press ? or * to list all spells.
You don't know that spell.
Press: ? - help, v - describe, . - travel
Here: a fire elemental (almost destroyed, durably summoned)
The floor.
Okay, then.
You closely miss the fire elemental.
The fire elemental is almost destroyed.
The fire elemental hits you. The fire elemental burns you!
* * * LOW HITPOINT WARNING * * *
You barely miss the fire elemental. Your kick misses the fire elemental.
The fire elemental is almost destroyed.
The fire elemental hits you.
* * * LOW HITPOINT WARNING * * *
The fire elemental burns you!
You die...

#.......######
#........#####
######.......###......###
#.###...........### ###
##.##......## ###.#.#...#
#####..## #..# ##..#
#.@## ##E# #.. #.#. ....#
#.... ....# #.# .. #....P
... ... ...... ... ...
#......


You could see a fire elemental.

Vanquished Creatures
  A boulder beetle (D:11)
  A hydra (Lair:1)
  A two-headed ogre (D:10)
  Pikel (D:5)
  2 cyclopes (D:11)
  A cane toad (Lair:1)
  Maggie (D:8)
  Grinder (D:4)
  A hornet (D:8)
  Prince Ribbit (D:5)
  A slime creature (D:11)
  A vampire (D:10)
  3 wyverns
  12 yaks
  4 fire elementals (Lair:1)
  Grum (D:8)
  3 vampire mosquitoes (D:10)
  2 water moccasins (Lair:1)
  Duvessa (D:4)
  3 orc warriors
  2 black bears
  3 ogres
  An ice beast (D:5)
  6 centaurs
  6 wolves
  A lemure (D:4)
  A phantom (D:6)
  4 kobold brigands
  5 bullfrogs
  A gnoll sergeant (D:9)
  4 necrophages
  2 jellies (D:6)
  4 wights (D:9)
  Dowan (D:4)
  25 killer bees
  4 howler monkeys
  A quasit (D:7)
  6 gnoll boudas
  6 hounds
  7 orc priests
  2 iguanas (D:7)
  9 orc wizards
  33 gnolls
  6 adders
  A shadow imp (D:8)
  A white imp (D:7)
  2 ufetubi (D:7)
  2 dart slugs
  31 orcs
  7 ball pythons
  5 bats
  6 endoplasms
  4 giant cockroaches
  13 goblins
  5 hobgoblins
  6 jackals
  24 kobolds
  5 quokkas
  3 frilled lizards
  6 rats
303 creatures vanquished.

Vanquished Creatures (collateral kills)
  3 fire elementals (Lair:1)
3 creatures vanquished.

Vanquished Creatures (others)
  A kobold (D:10)
  5 demonic plants (D:7)
  50 foxfires
  2 fungi (Lair:1)
  3 plants (Lair:1)
61 creatures vanquished.

Grand Total: 367 creatures vanquished

Notes
Turn   | Place    | Note
-------+----------+-------------------------------------------
     0 | D:1      | freelancePsychic the Demonspawn Cinder Acolyte began the
                  | quest for the Orb.
     0 | D:1      | Reached XP level 1. HP: 18/18 MP: 2/2
   517 | D:1      | Gained mutation: You are partially covered in large bone
                  | plates. (SH +4) [demonic ancestry]
   517 | D:1      | Reached XP level 2. HP: 21/24 MP: 3/3
   943 | D:1      | Reached skill level 3 in Axes
  1204 | D:1      | Learned a level 2 spell: Scorch
  1345 | D:1      | Reached XP level 3. HP: 29/29 MP: 4/4
  2060 | D:2      | Noticed Sigmund
  2129 | D:3      | Gained mutation: You are mostly covered in large bone
                  | plates. (SH +6) [demonic ancestry]
  2129 | D:3      | Reached XP level 4. HP: 11/37 MP: 1/5
  3143 | D:3      | Reached skill level 4 in Axes
  3166 | D:3      | Gained mutation: You are completely covered in large bone
                  | plates. (SH +8) [demonic ancestry]
  3166 | D:3      | Reached XP level 5. HP: 24/42 MP: 6/6
  3460 | D:2      | Found a faded altar of an unknown god.
  3880 | D:4      | Noticed Duvessa
  3880 | D:4      | Noticed Dowan
  3903 | D:4      | Killed Duvessa
  3904 | D:4      | Reached skill level 5 in Axes
  3904 | D:4      | Reached XP level 6. HP: 46/49 MP: 7/7
  3912 | D:4      | Killed Dowan
  3921 | D:4      | HP: 2/49 [poisoned by Dowan]
  4454 | D:4      | Found a stormy altar of Qazlal.
  4784 | D:4      | Noticed Grinder
  4796 | D:4      | Paralysed by Grinder for 2 turns
  4800 | D:4      | Killed Grinder
  4801 | D:4      | Reached skill level 5 in Fighting
  4801 | D:4      | Reached skill level 6 in Axes
  4801 | D:4      | Reached XP level 7. HP: 43/56 MP: 8/8
  5022 | D:5      | Entered Level 5 of the Dungeon
  5022 | D:5      | Noticed Pikel
  5381 | D:5      | Found a snail-covered altar of Cheibriados.
  5382 | D:5      | Noticed a kobold demonologist
  5487 | D:5      | Noticed Prince Ribbit
  5536 | D:5      | Killed Prince Ribbit
  5762 | D:5      | Reached skill level 7 in Axes
  5951 | D:5      | Gained mutation: You have large cloven feet. [demonic
                  | ancestry]
  5951 | D:5      | Reached XP level 8. HP: 46/64 MP: 9/9
  6412 | D:5      | Found a hide-covered altar of Uskayaw.
  6414 | D:5      | Noticed Menkaure
  6704 | D:5      | Killed Pikel
  6705 | D:5      | Reached skill level 8 in Axes
  6771 | D:5      | Identified a scroll of acquirement
  6772 | D:5      | Acquired the ring "Nicexor" {rC+ Dex+6 SInv}
  7171 | D:6      | Found a staircase to the Ecumenical Temple.
  7201 | D:6      | Reached skill level 9 in Axes
  7213 | Temple   | Entered the Ecumenical Temple
  7511 | D:6      | Gained mutation: A meltable shield of frost defends you.
                  | (SH +0) [demonic ancestry]
  7511 | D:6      | Reached XP level 9. HP: 60/72 MP: 10/10
  8008 | D:6      | Identified the +0 robe of Veeshruib {rN++}
  8466 | D:6      | Found an ancient bone altar of Kikubaaqudgha.
  8472 | D:6      | Found a sacrificial altar of Ru.
  8539 | D:6      | Found an ornate altar of the Wu Jian Council.
  8832 | D:7      | Reached skill level 1 in Armour
  8908 | D:7      | Reached skill level 10 in Axes
  9201 | D:7      | Found a blossoming altar of Fedhas.
  9758 | D:7      | Found a hazy altar of Hepliaklqana.
 10108 | D:7      | Found a shimmering blue altar of Sif Muna.
 10306 | D:8      | Found a flagged portal.
 10441 | Bailey   | Entered a bailey
 10758 | Bailey   | Gained mutation: You have hoof-like feet. [demonic
                  | ancestry]
 10758 | Bailey   | Reached XP level 10. HP: 55/82 MP: 11/11
 11205 | D:8      | Found Fuist's Magic Scroll Emporium.
 11223 | D:8      | Noticed Maggie
 11242 | D:8      | Killed Maggie
 11434 | D:8      | Reached skill level 11 in Axes
 11844 | D:8      | Paralysed by a hornet for 2 turns
 11909 | D:8      | Noticed Erica
 12097 | D:8      | Found Weqoirch's Assorted Antiques.
 12381 | D:8      | Noticed Grum
 12398 | D:8      | Killed Grum
 12514 | D:8      | Found Vijaunok's Assorted Antiques.
 12749 | D:8      | Found Umorghy's General Store.
 12758 | D:8      | Found Muwugul Gium's Assorted Antiques.
 12761 | D:8      | Bought a +0 broad axe for 52 gold pieces
 12771 | D:8      | Bought a pair of runed gloves for 232 gold pieces
 12961 | D:9      | Found a sparkling altar of Nemelex Xobeh.
 13635 | D:9      | Reached skill level 12 in Axes
 13641 | D:9      | Reached skill level 5 in Armour
 14285 | D:10     | Entered Level 10 of the Dungeon
 14313 | D:10     | Reached XP level 11. HP: 90/90 MP: 12/12
 14444 | D:10     | Noticed a two-headed ogre
 14800 | D:10     | You fall into a shaft and drop 2 floors!
 14807 | D:11     | Noticed Lodul
 15088 | D:11     | Reached skill level 10 in Fighting
 15210 | D:11     | Noticed a centaur warrior
 15210 | D:11     | Noticed a cyan ugly thing
 15212 | D:11     | Noticed a lindwurm
 15212 | D:11     | a yaktaur changed into a lindwurm
 15228 | D:10     | Found a staircase to the Orcish Mines.
 15281 | D:10     | Killed a two-headed ogre
 15769 | D:10     | Found a staircase to the Lair.
 16008 | D:11     | Noticed a boulder beetle
 16023 | D:11     | Killed a boulder beetle
 16063 | D:11     | Found a transporter.
 16063 | D:11     | Found a transporter.
 16065 | D:11     | Found a transporter.
 16091 | D:11     | Found a transporter.
 16252 | D:4      | Fell from the grace of Ignis
 16252 | D:4      | Became a worshipper of Qazlal Stormbringer
 16387 | Lair:1   | Entered Level 1 of the Lair of Beasts
 16527 | Lair:1   | Noticed a seven-headed hydra
 16534 | Lair:1   | Killed a four-headed hydra
 16535 | Lair:1   | Reached skill level 13 in Axes
 16535 | Lair:1   | Reached skill level 1 in Invocations
 17728 | Lair:1   | You fall into a shaft and drop 1 floor!
 18026 | Lair:1   | HP: 4/92 [fire elemental[the fiery vengeance of Ignis] (1)]
 18026 | Lair:1   | Slain by a fire elemental

Illustrated notes

Levels and vault maps discovered:
D:1:      mushboom_english_gardens, layout_loops_ring, minmay_3d_cube
D:2:      layout_rooms, hellmonk_ecumenical_altar_prayer_group,
          chequers_mini_garden, uniq_sigmund
D:3:      layout_basic
D:4:      layout_basic, mainiacjoe_overflow_boulevard, uniq_duvessa,
          uniq_grinder
D:5:      dreamdust_elfheim, layout_loops_ring, mainiacjoe_overflow_brackets,
          chequers_temple_overflow_statue_of_worship, uniq_pikel,
          uniq_prince_ribbit1, uniq_menkaure
D:6:      layout_gridville, minmay_overflow_temple_star_quad,
          nzn_wu_jian_contemplation, minmay_temple_entry_statues_pillars
D:7:      layout_basic, mainiacjoe_overflow_alcove_1, kennysheep_orc_sif_temple,
          beargit_hepliaklqana_dungeon_heroes, serial_demonic, serial_demonic_b,
          serial_demonic_e, serial_demonic_g, serial_demonic_g
D:8:      layout_loops_ring, enter_bailey_5, serial_shops, kennysheep_mini,
          nicolae_lakefront_shop, shop, nicolae_shop_overgrown_old_shop,
          nicolae_shop_window_shopping, uniq_maggie, uniq_grum, uniq_erica
D:9:      layout_long_grid, nemelex_spade_bored_becter
D:10:     layout_roguey, lair_entry_dummy, orc_0_dummy, special_room
          [special_room_orc], due_unseen_surprise
D:11:     gammafunk_the_bubble [the_bubble_gammafunk_grid], layout_loops_ring,
          nicolae_diode_quadrants, uniq_lodul
D:12:     layout_cave_pools, serial_park, serial_park_tiny_pond,
          serial_park_square1 [serial_park_minivault_5x5_7],
          nicolae_ru_great_annihilating_truth
Temple:   hellmonk_temple_rainy
Lair:1:   layout_cave_pods
Lair:2:   layout_regular_city, minmay_swamp_entry_worms,
          minmay_snake_entry_six_corridors, eino_small_chamber_without_monster,
          uniq_amaemon

Skill      XL: |  1  2  3  4  5  6  7  8  9 10 11 |
---------------+----------------------------------+-----
Fire Magic     | 3 |  3.3
Axes           | 3 4 5 6 7 9 10 12 13 | 13.3
Fighting       | 4 5 6 7 8 9 10 | 10.6
Armour         | 3 5 6 |  6.1
Invocations    | 2 |  2.8
Spellcasting   | |  1.0

Action                   |  1- 3 |  4- 6 |  7- 9 | 10-12 || total
-------------------------+-------+-------+-------+-------++-------
Melee: Hand axe          |   123 |   157 |   543 |    61 ||   884
       Punch             |     2 |       |     8 |     3 ||    13
       Kick              |       |       |   151 |   129 ||   280
       War axe           |       |       |       |   215 ||   215
       Battleaxe         |       |       |       |   157 ||   157
Throw: Throwing net      |       |       |     4 |     3 ||     7
 Cast: Scorch            |     8 |       |       |       ||     8
Invok: Fiery Armour      |     2 |     2 |     4 |       ||     8
       Foxfire Swarm     |     1 |     1 |     1 |       ||     3
       Rising Flame      |       |       |       |     1 ||     1
Evoke: Wand              |       |       |     2 |    11 ||    13
  Use: Potion            |       |     1 |     3 |     7 ||    11
       Scroll            |       |       |    13 |    18 ||    31
 Stab: Held in net/web   |       |       |     1 |     1 ||     2
       Paralysed         |       |       |       |     4 ||     4
       Invisible         |       |       |       |     3 ||     3
Armor: Robe              |    28 |       |       |       ||    28
       Leather armour    |     4 |       |       |       ||     4
       Chain mail        |       |    76 |    85 |       ||   161
       Skin              |       |       |    17 |    43 ||    60
       Plate armour      |       |       |   104 |   178 ||   282
Dodge: Dodged            |    74 |    32 |    87 |    73 ||   266
Block: Other             |    22 |    38 |   243 |   247 ||   550
